 Dungeon Crawl Stone Soup version 0.18.1-8-gdd0e5ea (webtiles) character file.

38260 Green the Fighter (level 13, -6/109 HPs)
             Began as a Minotaur Fighter on May 23, 2016.
             Was a High Priest of Trog.
             Mangled by a two-headed hydra (14 damage)
             ... on level 6 of the Lair of Beasts on May 24, 2016.
             The game lasted 01:53:15 (20549 turns).

Green the Fighter (Minotaur Fighter)               Turns: 20549, Time: 01:53:15

Health: -6/109     AC: 15    Str: 19    XL:     13   Next: 62%
Magic:  13/13      EV: 15    Int:  7    God:    Trog [*****.]
Gold:   1055       SH: 21    Dex: 15    Spells: 0 memorised, 12 levels left

rFire  + . .     SeeInvis .     S - +3 scimitar (flame)
rCold  + . .     Gourm    .     R - +1 ring mail "Kemeax" {rF+ rC+ rN+}
rNeg   + . .     Faith    .     g - +3 large shield
rPois  .         Spirit   .     t - +2 hat {MR+}
rElec  .         Dismiss  .     p - +0 cloak
rCorr  +         Reflect  .     H - +0 pair of gloves
SustAt .         Harm     .     G - +0 pair of boots
MR     +....                    (no amulet)
Stlth  +.........               i - ring of resist corrosion
                                k - +2 ring of intelligence

@: somewhat resistant to hostile enchantments, very unstealthy
A: retaliatory headbutt, claws 1, horns 2, frail 1, high mp 1, weak 1, evolution
1
a: Berserk, Trog's Hand, Brothers in Arms, Burn Spellbooks, Renounce Religion


You were on level 6 of the Lair of Beasts.
You worshipped Trog.
Trog was extremely pleased with you.
You were hungry.

You visited 3 branches of the dungeon, and saw 18 of its levels.
You also visited: Ice Cave.

You collected 1055 gold pieces.

Inventory:

Hand Weapons
 a - a +0 war axe
 o - a +4 quarterstaff of chaos
 C - a +3 spear of flaming
 F - a +2 antimagic battleaxe
 S - a +3 scimitar of flaming (weapon)
 Z - the +3 broad axe "Kaotrin" {venom, rPois Stlth+}
   (Trog gifted it to you on level 3 of the Lair of Beasts)

   It poisons the flesh of those it strikes.
   It protects you from poison.
   It makes you more stealthy.
Missiles
 b - 2 throwing nets (quivered)
 h - 7 steel javelins
 K - 4 javelins
Armour
 g - a +3 large shield (worn)
 p - a +0 cloak (worn)
 t - a +2 hat of magic resistance (worn)
 G - a +0 pair of boots (worn)
 H - a +0 pair of gloves (worn)
 R - the +1 ring mail "Kemeax" (worn) {rF+ rC+ rN+}
   (You found it on level 9 of the Dungeon)

   It protects you from fire.
   It protects you from cold.
   It protects you from negative energy.
Jewellery
 i - a ring of resist corrosion (right hand)
 k - a +2 ring of intelligence (left hand)
 P - an uncursed amulet of dismissal
 Y - an uncursed ring of see invisible
Wands
 c - a wand of disintegration (24/24)
 y - a wand of disintegration (12/24)
 E - a wand of random effects (41/48)
 M - a wand of lightning (6/15)
 N - a wand of slowing (34/48)
 O - a wand of iceblast (12/15)
 U - a wand of lightning (10/15)
Scrolls
 j - 4 scrolls of teleportation
 l - a scroll of enchant weapon
 m - 3 scrolls of remove curse
 q - a scroll of amnesia
 A - a scroll of identify
 B - 3 scrolls of recharging
 D - 2 scrolls of magic mapping
 I - 2 scrolls of fog {unknown}
 Q - a scroll of holy word {unknown}
 T - a scroll of fear {unknown}
 V - a scroll of silence {unknown}
 W - a scroll of blinking
Potions
 d - 2 potions of might
 e - a potion of invisibility
 n - 3 potions of flight
 s - 5 potions of magic
 w - 2 potions of resistance
 x - a potion of brilliance
 z - a potion of agility
Comestibles
 f - 13 bread rations
 r - 7 meat rations
 u - 5 chunks of flesh
 J - 9 beef jerkies
 L - 9 fruits
 X - 3 slices of pizza


   Skills:
 + Level 13.6 Fighting
 + Level 12.9 Axes
 + Level 13.4 Armour
 + Level 11.7 Dodging
 * Level 11.3 Shields


You had 12 spell levels left.
You didn't know any spells.

Dungeon Overview and Level Annotations

Branches:
Dungeon (11/15)            Temple (0/1) D:7            Lair (6/8) D:8
 Spider (1/4) Lair:6
  Swamp: Lair:3-6    Shoals: Lair:3-6     Slime: Lair:6-8       Orc: D:9-12

Altars:
Nemelex Xobeh
Pakellas
Ru
Trog
Jiyva

Shops:
D:4 [   D:10 (


Innate Abilities, Weirdness & Mutations

You reflexively headbutt those who attack you in melee.
You have a pair of horns on your head.
You have sharp fingernails.
You are frail (-10% HP).
You have an increased reservoir of magic (+10% MP).
You are weak. (Str -2)
You evolve.


Message History

Drink which item? (? for menu, Esc to quit)
You feel better.
You block the three-headed hydra's attack.
The three-headed hydra barely misses you.
The three-headed hydra bites you!
* * * LOW HITPOINT WARNING * * *
You barely miss the three-headed hydra. You headbutt the three-headed hydra.
The three-headed hydra is severely wounded.
The three-headed hydra bites you but does no damage.
You block the three-headed hydra's attack.
The three-headed hydra bites you but does no damage.
You lop one of the three-headed hydra's heads off!
The flame cauterises the wound!
You slash the two-headed hydra! You burn the two-headed hydra.
You headbutt the two-headed hydra.
The two-headed hydra is almost dead.
You block the two-headed hydra's attack. x2
The two-headed hydra bites you.
* * * LOW HITPOINT WARNING * * *
The two-headed hydra bites you!
You die...

##..# #.......... #...#
##......... #######
#.P..#.... ##.#.#.###
#.#.....P. #^.'.>.'.##
##.[P#..#. ##.≈...≈..#
##...##.P..
#..≈≈≈≈≈^.###.....$..P#
#####.≈≈.≈.^.##.......####
###.#.#..^.@#.#.#^.#..###
#.#..##.#..D^###...###.#
#...^#.....#.#....# ##
#........##......##
##..#...^[#.#.##[##
#...^#...##..##.#.##
#...##########.....#
##.##..## #....# #......#
.##..#


You could see a two-headed hydra.

Vanquished Creatures
  Gastronok (D:11)
  Snorg (D:10)
  Fannar (Lair:2)
  2 hydras
  An entropy weaver (Lair:6)
  Harold (D:11)
  Erica (D:9)
  An unseen horror (D:10)
  The ghost of Krapule the Charmwright, a novice NaSk (D:6)
  2 hill giants (D:11)
  3 ugly things (D:11)
  An orb spider (Lair:6)
  A manticore (D:11)
  A centaur zombie (D:11)
  A torpor snail (Lair:6)
  A gargoyle (D:10)
  8 spiny frogs
  A rime drake (Lair:4)
  4 komodo dragons
  A demonic crawler (Lair:6)
  A jumping spider (Lair:6)
  A troll (D:9)
  A two-headed ogre (D:10)
  8 blink frogs
  A slime creature (D:11)
  11 spriggans
  2 tarantellas (Lair:6)
  3 redbacks (Lair:6)
  3 wyverns
  44 yaks
  Grum (D:10)
  7 hippogriffs
  A basilisk (Lair:6)
  3 water moccasins
  13 porcupines
  A wasp (D:10)
  3 ice beasts
  3 orc warriors
  3 sky beasts
  A phantom (D:8)
  A necrophage (D:8)
  6 wolves
  4 centaurs
  9 ogres
  4 crocodiles
  13 big kobolds
  17 giant frogs
  5 scorpions
  4 killer bees
  5 wights
  An electric eel (Lair:3)
  2 howler monkeys
  5 jellies
  3 crimson imps
  A giant frog zombie (D:6)
  6 hounds
  3 giant frog skeletons
  A gnoll shaman (D:5)
  Crazy Yiuf (D:2)
  3 orc priests
  4 centaur skeletons
  9 orc wizards
  11 iguanas
  8 hell rats (Lair:3)
  7 worker ants
  41 sheep
  A mummy (D:4)
  A hound skeleton (D:5)
  A worker ant zombie (D:5)
  12 gnolls
  18 river rats
  10 adders
  2 shadow imps
  2 adder zombies
  2 oozes
  3 worms
  A dart slug (D:1)
  7 giant geckos
  23 orcs
  4 ball pythons
  8 bats
  3 giant cockroaches
  9 goblins
  6 hobgoblins
  10 jackals
  4 quokkas
  2 giant gecko skeletons
  4 giant newts
  A hobgoblin zombie (D:4)
  32 kobolds
  3 orc zombies (D:4)
  A quokka skeleton (D:4)
  19 rats
  A fungus (D:8)
  3 plants
512 creatures vanquished.

Vanquished Creatures (collateral kills)
  An oklob plant (Lair:1)
1 creature vanquished.

Vanquished Creatures (others)
  6 fungi
  5 plants
11 creatures vanquished.

Grand Total: 524 creatures vanquished

Notes
Turn   | Place    | Note
--------------------------------------------------------------
     0 | D:1      | Green the Minotaur Fighter began the quest for the Orb.
     0 | D:1      | Reached XP level 1. HP: 19/19 MP: 0/0
   199 | D:1      | Reached XP level 2. HP: 27/27 MP: 1/1
   583 | D:1      | You fall through a shaft!
   771 | D:2      | Reached XP level 3. HP: 29/33 MP: 2/2
  1509 | D:2      | Found a sacrificial altar of Ru.
  1733 | D:2      | Noticed Crazy Yiuf
  1741 | D:2      | Killed Crazy Yiuf
  1741 | D:2      | Reached skill level 1 in Dodging
  1741 | D:2      | Reached XP level 4. HP: 11/40 MP: 3/3
  1947 | D:3      | Reached XP level 5. HP: 34/47 MP: 4/4
  2212 | D:3      | Found a bloodstained altar of Trog.
  2346 | D:4      | Reached skill level 5 in Armour
  2386 | D:4      | Reached skill level 5 in Fighting
  2513 | D:4      | Found a sparkling altar of Nemelex Xobeh.
  2513 | D:4      | Found a sacrificial altar of Ru.
  2695 | D:5      | Entered Level 5 of the Dungeon
  2774 | D:4      | Found Evuheaje's Armour Boutique.
  2812 | D:4      | Noticed a sky beast
  2820 | D:4      | Killed a sky beast
  2820 | D:4      | Reached XP level 6. HP: 45/56 MP: 5/5
  3015 | D:3      | Became a worshipper of Trog the Wrathful
  3246 | D:5      | Noticed an ice beast
  3257 | D:5      | Killed an ice beast
  3257 | D:5      | Reached XP level 7. HP: 35/62 MP: 6/6
  3639 | D:5      | Reached skill level 5 in Axes
  4303 | D:5      | Reached XP level 8. HP: 47/71 MP: 7/7
  4425 | D:5      | Reached * piety under Trog
  4712 | D:6      | Noticed Krapule's ghost (novice NaSk)
  4992 | D:6      | Killed Krapule's ghost
  4992 | D:6      | Reached skill level 5 in Dodging
  5281 | D:6      | Reached XP level 9. HP: 66/81 MP: 8/8
  6524 | D:7      | Reached ** piety under Trog
  6947 | D:7      | Found a staircase to the Ecumenical Temple.
  7073 | D:7      | Found an oddly glowing altar of Pakellas.
  7539 | D:8      | Reached XP level 10. HP: 54/91 MP: 9/9
  7811 | D:8      | Reached *** piety under Trog
  7861 | D:8      | Reached skill level 10 in Fighting
  7945 | D:8      | Found a staircase to the Lair.
  8112 | D:8      | Received a gift from Trog
  8262 | D:9      | Noticed Erica
  8626 | D:9      | Reached skill level 10 in Armour
  8774 | D:9      | Noticed a cyclops
  8774 | D:9      | Noticed a death knight
  8775 | D:9      | Noticed a six-headed hydra
  8775 | D:9      | Noticed a griffon
  8779 | D:9      | Noticed a deep elf mage
  8961 | D:9      | Killed Erica
  8961 | D:9      | Reached skill level 5 in Shields
  9080 | D:9      | Got a dazzling ring mail
  9107 | D:9      | Identified the +1 ring mail "Kemeax" {rF+ rC+ rN+} (You found it on level 9 of the Dungeon)
  9388 | D:9      | Reached skill level 10 in Axes
  9605 | D:9      | Reached XP level 11. HP: 100/101 MP: 10/10
  9769 | D:10     | Entered Level 10 of the Dungeon
  9986 | D:10     | Reached **** piety under Trog
 10281 | D:10     | Found Hehoicor's Antique Weapon Emporium.
 10284 | D:10     | Noticed Grum
 10306 | D:10     | Killed Grum
 10483 | D:10     | Noticed Snorg
 10507 | D:10     | Killed Snorg
 11475 | D:11     | Noticed Harold
 11478 | D:11     | Noticed Gastronok
 11854 | D:11     | Killed Harold
 11985 | D:11     | Killed Gastronok
 12027 | D:11     | Found a viscous altar of Jiyva.
 12083 | D:11     | Hey
 12112 | D:11     | Noticed a red ugly thing
 12114 | D:11     | Noticed a green ugly thing
 12135 | D:11     | Killed a green ugly thing
 12195 | D:11     | Noticed a hill giant
 12205 | D:11     | Killed a hill giant
 12416 | D:11     | Noticed a cyan ugly thing
 12419 | D:11     | Noticed a hill giant
 12428 | D:11     | Killed a cyan ugly thing
 12428 | D:11     | Reached skill level 10 in Dodging
 12428 | D:11     | Reached XP level 12. HP: 112/112 MP: 11/11
 12589 | D:10     | Reached ***** piety under Trog
 13143 | D:10     | Gained mutation: You have an increased reservoir of magic (+10% MP). [potion of mutation]
 13143 | D:10     | Gained mutation: You evolve. [potion of mutation]
 13143 | D:10     | Gained mutation: You are frail (-10% HP). [potion of mutation]
 13511 | Lair:1   | Entered Level 1 of the Lair of Beasts
 14670 | Lair:2   | Found a frozen archway.
 14721 | IceCv    | Entered an ice cave
 14728 | IceCv    | HP: 5/101 [polar bear simulacrum (5)]
 15094 | Lair:2   | Noticed Fannar
 15117 | Lair:2   | Killed Fannar
 15458 | Lair:2   | Gained mutation: You have sharp fingernails. [evolution]
 16650 | Lair:3   | Received a gift from Trog
 16666 | Lair:3   | Got a shimmering broad axe {god gift}
 16667 | Lair:3   | Identified the +3 broad axe "Kaotrin" {venom, rPois Stlth+} (Trog gifted it to you on level 3 of the Lair of Beasts)
 16766 | Lair:3   | Reached XP level 13. HP: 109/109 MP: 13/13
 16955 | Lair:3   | Reached skill level 10 in Shields
 19179 | Lair:5   | Gained mutation: You are weak. (Str -2) [evolution]
 19727 | Lair:6   | Found a hole to the Spider Nest.
 19861 | Spider:1 | Entered Level 1 of the Spider Nest
 20343 | Lair:6   | Received a gift from Trog
 20549 | Lair:6   | Mangled by a two-headed hydra

Skill      XL: |  1  2  3  4  5  6  7  8  9 10 11 12 13 |
---------------+----------------------------------------+-----
Shields        | 4 6 8 9 11 | 11.3
Fighting       | 4 5 6 8 9 10 11 13 | 13.6
Armour         | 4 5 6 7 9 10 11 12 13 | 13.4
Axes           | 3 4 5 7 8 10 11 12 | 12.9
Dodging        | 1 2 3 4 5 7 8 10 11 | 11.7

Action                   |  1- 3 |  4- 6 |  7- 9 | 10-12 | 13-15 || total
-------------------------+-------+-------+-------+-------+-------++-------
Melee: War axe           |   101 |       |       |       |       ||   101
       Headbutt          |     8 |    12 |    53 |   274 |    70 ||   417
       Quarterstaff      |       |   102 |    20 |       |       ||   122
       Spear             |       |       |   339 |  1118 |       ||  1457
       Broad axe         |       |       |       |    13 |   237 ||   250
       Scimitar          |       |       |       |       |    22 ||    22
Throw: Javelin           |       |     2 |       |       |       ||     2
       Throwing net      |       |       |     1 |       |       ||     1
Invok: Berserk           |       |       |     5 |    20 |     1 ||    26
       Burn Spellbooks   |       |       |       |     2 |       ||     2
       Trog's Hand       |       |       |       |     2 |       ||     2
       Brothers in Arms  |       |       |       |     1 |       ||     1
  Use: Scroll            |       |       |       |    19 |     4 ||    23
       Potion            |       |       |       |     6 |     5 ||    11
 Stab: Petrified         |       |     1 |       |       |       ||     1
       Held in net/web   |       |       |     1 |       |       ||     1
       Sleeping          |       |       |       |       |     4 ||     4
  Eat: Chunk             |     1 |     7 |    16 |    41 |    13 ||    78
       Royal jelly       |       |       |     1 |       |       ||     1
       Bread ration      |       |       |       |     1 |       ||     1
       Meat ration       |       |       |       |     1 |       ||     1
       Fruit             |       |       |       |     1 |       ||     1
       Pizza             |       |       |       |     1 |       ||     1
Armor: Scale mail        |    43 |    33 |   119 |    52 |       ||   247
       Ring mail         |       |       |       |   180 |   115 ||   295
       Chain mail        |       |       |       |    11 |       ||    11
       Skin              |       |       |       |       |     1 ||     1
Dodge: Dodged            |    25 |    59 |   161 |   332 |   127 ||   704
Block: Shield            |    64 |       |       |       |       ||    64
       Large shield      |       |       |       |   692 |   323 ||  1015
